Map: 에버 드림 - 래더

Players

Dream - Winner!

  • Race: Terran Terran
  • Spawn Location: 1:00

LiquidClem (Clem)

  • Race: Terran Terran
  • Spawn Location: 7:00

Event: StayAtHomestory Cup #1

VOD

Have the link to the VOD?

Description

Time

  • Played on: April 11, 2020, 6:50 a.m.
  • Length: 3:06

All games in this series

Show
View Real Time Build Order
Export as new Build Order

Dream Terran - Winner!

Build Orders: 3 Rax Reaper 

Get SALT Encoding   

  12  0:00  SCV  
  13  0:13  SCV  
  14  0:18  Supply Depot  
  14  0:25  SCV  
  15  0:41  Barracks  
  15  0:43  Refinery  
  15  0:55  Barracks  
  15  1:13  Barracks  
  15  1:17  Refinery  
  15  1:28  Reaper  
  16  1:42  Reaper  
  17  1:47  Supply Depot  
  17  2:00  Reaper  
  17  2:01  Reaper  
  19  2:14  Reaper  
  20  2:32  Reaper  
Show
View Real Time Build Order
Export as new Build Order

LiquidClem Terran 

Build Orders: Factory Expand 

Get SALT Encoding   

  12  0:01  SCV  
  13  0:14  SCV  
  14  0:17  Supply Depot  
  14  0:26  SCV  
  15  0:31  Refinery  
  15  0:38  SCV  
  16  0:44  Barracks  
  16  0:50  SCV  
  17  0:57  Refinery  
  17  1:02  SCV  
  18  1:15  SCV  
  19  1:31  Factory, Orbital Command  
  19  1:35  Reaper  
  20  1:41  Supply Depot  
  20  1:56  SCV  
  21  2:07  Reaper  
  22  2:08  SCV  
  23  2:16  Hellion  
  23  2:21  Command Center  
  25  2:25  SCV  
  26  2:31  Supply Depot  
  25  2:40  Hellion  
  25  2:43  SCV  
Tags
 
Add a new tag
Caveats
  • Supply blocks, unpowered buildings, or Contaminate may cause inaccurate times.
  • Supply counts are checked every 10 seconds.